 Dungeon Crawl Stone Soup version 0.28-a0-1616-g050a50673c (webtiles) character file.

Game seed: 11637037198997865530

49 frimble the Cutter (level 3, -4/27 HPs)
             Began as a Demonspawn Warper on Jan 23, 2022.
             Killed from afar by an orc wizard (9 damage)
             ... with a puff of flame
             ... on level 2 of the Dungeon.
             The game lasted 00:01:28 (1958 turns).

frimble the Cutter (Demonspawn Warper)              Turns: 1958, Time: 00:01:29

Health: -4/27      AC:  6    Str: 11    XL:     3   Next: 51%
Magic:  6/6        EV: 12    Int: 16    God:
Gold:   29         SH:  0    Dex: 12    Spells: 6/6 levels left

rFire   . . .      SeeInvis .   a - +0 short sword
rCold   . . .      Faith    .   (no shield)
rNeg    . . .      Spirit   .   b - +0 leather armour
rPois   .          Reflect  .   (no helmet)
rElec   .          Harm     .   (no cloak)
rCorr   .          Rampage  .   h - +0 pair of gloves
Will    .....                   (no boots)
Stlth   +.........              (no amulet)
HPRegen 0.09/turn               (no ring)
MPRegen 0.10/turn               (no ring)

@: no status effects
A: icy blue scales 1, weakness stinger 1
a: no special abilities


You were on level 2 of the Dungeon.
You visited 1 branch of the dungeon, and saw 2 of its levels.

You collected 29 gold pieces.

Inventory:

Hand Weapons
 a - a +0 short sword (weapon)
Missiles
 d - 5 boomerangs of dispersal (quivered)
Armour
 b - a +0 leather armour (worn)
 h - a +0 pair of gloves (worn)
Scrolls
 c - a scroll of blinking
 e - a scroll of summoning {unknown}
 f - a scroll of vulnerability {unknown}
 g - a scroll of teleportation {unknown}
Potions
 j - a potion of mutation {unknown}


   Skills:
 - Level 2.0 Fighting
 + Level 3.2 Short Blades
 - Level 0.8 Throwing
 - Level 0.8 Armour
 - Level 2.4 Dodging
 - Level 2.0 Spellcasting
 - Level 2.6 Translocations


You had 6 spell levels left.
You didn't know any spells.
Your spell library contained the following spells:

 Spells                   Type           Power      Damage    Failure   Level
 Blink                    Tloc           20%        N/A       14%         2
 Gell's Gravitas          Tloc           10%        N/A       26%         3
 Lesser Beckoning         Tloc           10%        N/A       26%         3
 Teleport Other           Tloc           10%        N/A       26%         3
 Manifold Assault         Tloc           10%        N/A       94%         5


Dungeon Overview and Level Annotations

Branches:
Dungeon (2/15)

Altars:

Shops:
D:1 (


Innate Abilities, Weirdness & Mutations

You are partially covered in icy blue scales. (AC +2)
You have a small tail.


Message History

The orc hits you but does no damage. The orc wizard barely misses you.
You hit the orc wizard but do no damage.
You tail-slap the orc wizard, but do no damage.
The orc wizard is heavily wounded.
The orc hits you with a +0 club.
The orc wizard hits you with a +0 dagger.
You hit the orc wizard but do no damage.
You tail-slap the orc wizard, but do no damage.
The orc wizard is heavily wounded.
The orc closely misses you.
You hit the orc wizard but do no damage.
The orc wizard is heavily wounded.
The orc wizard closely misses you. The orc misses you.
You hit the orc wizard.
Your tail-slap misses the orc wizard.
The orc wizard is heavily wounded.
The orc wizard casts a spell at you.
You are confused.
You hit the orc wizard but do no damage.
The orc wizard is heavily wounded.
The orc hits you but does no damage.
The orc wizard gestures at you while chanting.
You resist with significant effort.
You barely miss the orc wizard.
The orc wizard is heavily wounded.
The orc hits you but does no damage. The orc wizard misses you.
You closely miss the orc.
The orc wizard hits you with a +0 dagger.
The orc hits you but does no damage.
You hit the orc.
The orc is heavily wounded.
You feel less confused.
The orc wizard points at you and mumbles some strange words.
The magic dart hits you.
* * * LOW HITPOINT WARNING * * *
The orc hits you but does no damage.
You hit the orc wizard.
Your tail-slap misses the orc wizard.
The orc wizard is heavily wounded.
The orc wizard casts a spell at you. The puff of flame hits you!
You die...

≈♣♣≈# #)# #...........
≈≈♣♣## #.###....#######
≈≈≈♣≈####.........#
≈P≈≈♣♣.†..####...##
≈≈≈≈≈≈♣.### ##.##
≈≈≈≈≈♣≈## #.# ≈≈♣≈≈≈♣#
#.# P≈≈≈≈♣ ##+## ≈P≈≈♣#
##.o@## ≈P≈≈♣##
##...o.#### ≈≈≈≈..##
##.......).#
♣♣##...####........#'#
..........).......##.##
####...####.......#...#
#.....# ##......#8.8#
#..##.# ##.....#...#
#.###.# ##..####'##


You could see an orc wizard and an orc.

Vanquished Creatures
  An adder (D:2)
  2 worms (D:2)
  A dart slug (D:1)
  An orc (D:2)
  3 ball pythons (D:2)
  2 bats
  An endoplasm (D:1)
  A giant cockroach (D:1)
  2 goblins (D:2)
  2 hobgoblins (D:2)
  4 jackals
  3 kobolds
  3 quokkas (D:1)
  2 frilled lizards
28 creatures vanquished.

Vanquished Creatures (others)
  17 plants (D:2)
17 creatures vanquished.

Grand Total: 45 creatures vanquished

Notes
Turn   | Place    | Note
-------+----------+-------------------------------------------
     0 | D:1      | frimble the Demonspawn Warper began the quest for the Orb.
     0 | D:1      | Reached XP level 1. HP: 16/16 MP: 3/3
   175 | D:1      | Reached skill level 2 in Short Blades
   524 | D:1      | Gained mutation: You are partially covered in icy blue
                  | scales. (AC +2) [demonic ancestry]
   524 | D:1      | Reached XP level 2. HP: 16/22 MP: 5/5
   705 | D:1      | Found Hiczum's Antique Weapon Shoppe.
  1062 | D:1      | Found a faded altar of an unknown god.
  1580 | D:2      | Gained mutation: You have a small tail. [demonic ancestry]
  1580 | D:2      | Reached XP level 3. HP: 16/27 MP: 6/6
  1609 | D:2      | Reached skill level 3 in Short Blades
  1958 | D:2      | Killed from afar by an orc wizard

Illustrated notes

Levels and vault maps discovered:
D:1:      ncdulo_lavacross, layout_basic, serial_shops, shop_statue,
          shapermc_ecumenical_altar_mp_vishouse, minmay_distorted
D:2:      layout_loops_corners, serial_bayou, serial_bayou_lake_a,
          serial_bayou_lagoon_a, serial_bayou_pond_c, serial_bayou_lagoon_b,
          pf_guarded_unrand_delatra

Skill      XL: |  1  2  3 |
---------------+----------+-----
Short Blades   | 2 3 |  3.2
Dodging        | 2 |  2.4
Fighting       | |  2.0
Throwing       | |  0.8
Armour         | |  0.8
Spellcasting   | |  2.0
Translocations | |  2.6

Action                   || total
-------------------------++-------
Melee: Short sword       ||   148
       Punch             ||     2
       Tailslap          ||     5
  Use: Potion            ||     1
 Stab: Sleeping          ||     1
Armor: Leather armour    ||    56
Dodge: Dodged            ||    93

Table legend: (Time is in decaauts)
 A = Elapsed time spent in this place.
 B = Non-inter-level travel time spent in this place.
 C = Inter-level travel time spent in this place.
 D = Time resting spent in this place.
 E = Time spent auto-exploring this place.
 F = Levels seen in this place.
 G = Mean time per level.
                   A        B        C        D        E       F      G
               +--------+--------+--------+--------+--------+-----+--------+
         Total |   1970 |   1949 |     21 |      0 |   1644 |   2 |  985.0 |
       Dungeon |   1970 |   1949 |     21 |      0 |   1644 |   2 |  985.0 |
               +--------+--------+--------+--------+--------+-----+--------+

Top non-repeatable levels by time:
     D:1: 1154 daAuts
     D:2: 816 daAuts
